 Dungeon Sprint DCSS version 0.31-a0-37-g98a128e1d9 (webtiles) character file.

Game seed: 16232366897134864135

620 bmack86 the Cleaver (level 7, -8/106 HPs)
             Began as a Minotaur Berserker on May 14, 2023.
             Was a Believer of Trog.
             Mangled by Sonja
             ... wielding a +2 short sword of distortion
              (20 damage)
             ... in the Dungeon (Sprint I: "Red Sonja").
             The game lasted 00:02:27 (307 turns).

bmack86 the Cleaver (Minotaur Berserker)             Turns: 307, Time: 00:02:29

Health: -8/106     AC:  8    Str: 23    XL:     7   Next: 22%
Magic:  6/6        EV: 10    Int:  4    God:    Trog [**....]
Gold:   426        SH:  0    Dex: 10    Spells: 6/6 levels left

rFire   . . .        l - +0 scythe
rCold   . . .        (shield currently unavailable)
rNeg    . . .        j - +0 scale mail
rPois   .            (helmet restricted)
rElec   .            (no cloak)
rCorr   .            (no gloves)
SInv    .            (no boots)
Will    .....        (no amulet) Stlth
                     (no ring)
HPRegen 0.37/turn    (no ring)
MPRegen 0.10/turn

%: no teleportation
@: berserking, lethally poisoned (-8 -> -10), slowed
A: horns 2, retaliatory headbutt
a: Renounce Religion, Berserk, Trog's Hand


You were in the Dungeon.
You worshipped Trog.
Trog was pleased with you.
You visited 1 branch You collected 426 gold pieces.

Inventory:

Hand Weapons
 a - a +0 hand axe
 l - a +0 scythe (weapon)
Armour
 b - a +0 animal skin
 j - a +0 scale mail (worn)
Wands
 i - a wand of digging (2)
 k - a wand of flame (7) (quivered)
Scrolls
 h - a scroll of blinking
Potions
 c - 2 potions of curing
 d - a potion of heal wounds
 e - a potion of haste
 f - 2 potions of magic
 g - a potion of berserk rage


   Skills:
 + Level 9.8 Fighting
 * Level 13.1 Axes
 + Level 9.4 Armour
 - Level 2.1 Dodging
 + Level 3.5 Evocations


You had 6 spell levels left.
You didn't know any spells.
Your spell library was empty.

Dungeon Overview and Level Annotations

Branches:
Dungeon (1/1)

Altars:
Cheibriados
Dithmenos
Elyvilon
Fedhas
Gozag
Hepliaklqana
Kikubaaqudgha
Makhleb
Nemelex Xobeh
Okawaru
Qazlal
Ru
Sif Muna
Trog
Uskayaw
Vehumet
Wu Jian
Xom
Yredelemnul
Zin
The Shining One
Jiyva
Lugonu

Shops:
D :

Annotations:
D Sonja


Innate Abilities, Weirdness & Mutations

You have a pair of horns on your head.
You reflexively headbutt those who attack you in melee.


Message History

Sonja blinks!
Found 108 gold pieces.
The puff of flame misses Sonja.
Sonja throws a curare-tipped dart.
The curare-tipped dart hits you.
You are poisoned.
You have difficulty breathing.
You feel yourself slow down.
The puff of flame misses Sonja.
You feel very sick.
Sonja hits you with a +2 short sword of distortion!
Sonja hits you with a +2 short sword of distortion.
Space warps around you. Sonja closely misses you.
Sonja hits you with a +2 short sword of distortion.
Sonja closely misses you.
Sonja hits you with a +2 short sword of distortion.
You slash Sonja! Your headbutt misses Sonja.
Sonja is moderately wounded.
You feel very sick.
Sonja hits you with a +2 short sword of distortion.
Sonja hits you but does no damage. x2; Space warps horribly around you!
* * * LOW HITPOINT WARNING * * *
Sonja barely misses you. You furiously retaliate!
You headbutt Sonja! Sonja hits you but does no damage.
Sonja hits you with a +2 short sword of distortion.
* * * LOW HITPOINT WARNING * * *
Space warps around you.
* * * LOW HITPOINT WARNING * * *
A red film seems to cover your vision as you go berserk!
You feel yourself moving faster!
You feel mighty!
You feel sick. Sonja closely misses you. Sonja barely misses you. x2
Sonja mumbles some strange words.
Sonja blinks!
You are too berserk!
You feel a strong urge to attack something.
You feel sick.
Sonja mumbles some strange words.
Sonja blinks!
Sonja hits you with a +2 short sword of distortion.
* * * LOW HITPOINT WARNING * * *
Space warps horribly around you!!
You die...

#<.#..').#.['..#__#..+
#..').#..'..#..'..'..#
#..#####'#####'#__####
#..####..#...#.####
#..#__####..##.#
#..#_____##+#_.+
#⌠⌠#_.∩...+.§._#
####_..__##K.#'#
#_____###@#.# #######
#.### $.$ #$.$# ##§##
#+#


You could see Sonja.

Vanquished Creatures
  A slime creature (D)
  Sigmund (D)
  A yak (D)
  An ogre (D)
  A jelly (D)
  Ijyb (D)
6 creatures vanquished.

Notes
Turn   | Place    | Note
-------+----------+-------------------------------------------
     0 | D        | bmack86 the Minotaur Berserker began the quest for the Orb.
     0 | D        | Reached XP level 1. HP: 19/19 MP: 0/0
     3 | D        | Noticed Ijyb
     7 | D        | Killed Ijyb
     8 | D        | Reached skill level 5 in Fighting
     8 | D        | Reached skill level 6 in Axes
     8 | D        | Reached XP level 2. HP: 29/29 MP: 1/1
    51 | D        | Noticed an ogre
    55 | D        | Killed an ogre
    56 | D        | Reached skill level 8 in Axes
    56 | D        | Reached XP level 3. HP: 38/38 MP: 2/2
    56 | D        | Reached XP level 4. HP: 45/45 MP: 3/3
   101 | D        | Noticed Sigmund
   113 | D        | Killed Sigmund
   113 | D        | Reached ** piety under Trog
   114 | D        | Reached skill level 11 in Axes
   114 | D        | Reached XP level 5. HP: 56/56 MP: 4/4
   114 | D        | Reached XP level 6. HP: 62/62 MP: 5/5
   162 | D        | Found a burning altar of Makhleb.
   162 | D        | Found a viscous altar of Jiyva.
   162 | D        | Found a shimmering altar of Xom.
   162 | D        | Found a corrupted altar of Lugonu.
   162 | D        | Noticed a slime creature
   166 | D        | Killed a slime creature
   167 | D        | Reached skill level 12 in Axes
   226 | D        | Found an ornate altar of the Wu Jian Council.
   226 | D        | Found a shimmering blue altar of Sif Muna.
   228 | D        | Found a radiant altar of Vehumet.
   283 | D        | Found Feh Jigi's Book Emporium.
   283 | D        | Found an ancient bone altar of Kikubaaqudgha.
   283 | D        | Found a hazy altar of Hepliaklqana.
   283 | D        | Found a stormy altar of Qazlal.
   283 | D        | Found a hide-covered altar of Uskayaw.
   283 | D        | Found a blossoming altar of Fedhas.
   283 | D        | Found a bloodstained altar of Trog.
   283 | D        | Found an iron altar of Okawaru.
   283 | D        | Found a basalt altar of Yredelemnul.
   283 | D        | Found a glowing golden altar of the Shining One.
   283 | D        | Found a snail-covered altar of Cheibriados.
   283 | D        | Found a sacrificial altar of Ru.
   283 | D        | Found a glowing silver altar of Zin.
   283 | D        | Found a shadowy altar of Dithmenos.
   283 | D        | Found a white marble altar of Elyvilon.
   283 | D        | Noticed a yak
   287 | D        | Killed a yak
   288 | D        | Reached skill level 13 in Axes
   288 | D        | Reached XP level 7. HP: 71/71 MP: 6/6
   288 | D        | Found an opulent altar of Gozag.
   289 | D        | Found a sparkling altar of Nemelex Xobeh.
   302 | D        | Noticed Sonja
   307 | D        | Mangled by Sonja

Illustrated notes

Levels and vault maps discovered:
D:        dungeon_sprint_1 [red_sonja_temple_1, red_sonja_temple_small_1]

Skill      XL: |  1  2  3  4  5  6 |
---------------+-------------------+-----
Fighting       | 5 6 8 9 |  9.8
Axes           | 6 8 11 13 | 13.1
Armour         | 4 6 7 9 |  9.4
Evocations     | 3 |  3.5
Dodging        | |  2.1

Action                     |  1- 3 |  4- 6 |  7- 9 || total
---------------------------+-------+-------+-------++-------
  Melee: Hand axe          |     6 |     8 |       ||    14
         Headbutt          |     2 |     3 |       ||     5
         Halberd           |       |     9 |     1 ||    10
 Invoke: Berserk           |     2 |     2 |     1 ||     5
  Evoke: Wand              |       |       |     2 ||     2
 Armour: Scale mail        |       |     2 |     3 ||     5
  Dodge: Dodged            |     1 |     3 |     6 ||    10

Table legend: (Time is in decaauts)
 A = Elapsed time spent in this place.
 B = Non-inter-level travel time spent in this place.
 C = Inter-level travel time spent in this place.
 D = Time resting spent in this place.
 E = Time spent auto-exploring this place.
 F = Levels seen in this place.
 G = Mean time per level.
                   A        B        C        D        E       F      G
               +--------+--------+--------+--------+--------+-----+--------+
         Total |    357 |    357 |      0 |    195 |      0 |   1 |  357.0 |
       Dungeon |    357 |    357 |      0 |    195 |      0 |   1 |  357.0 |
               +--------+--------+--------+--------+--------+-----+--------+

Top non-repeatable levels by time:
       D: 357 daAuts
